 Dungeon Sprint DCSS version 0.27-a0-279-gdfb9265905 (webtiles) character file.

Game seed: 16031811469392586135

109503 mhtbhm the Minotaur Barricade (level 16, -11/160 HPs)
             Began as a Minotaur Fighter on Feb 7, 2021.
             Was the Champion of Trog.
             Mangled by Pylerrec the pandemonium lord (14 damage)
             ... in the Dungeon (Sprint VII: "The Pits").
             The game lasted 00:20:26 (8086 turns).

mhtbhm the Minotaur Barricade (Minotaur Fighter)    Turns: 8086, Time: 00:20:26

Health: -11/160    AC: 30    Str: 27    XL:     16   Next: 5%
Magic:  0/15       EV: 16    Int:  5    God:    Trog [******]
Gold:   8          SH:  0    Dex: 11    Spells: 15/15 levels left

rFire    . . .     SeeInvis .   J - +9 broad axe
rCold    . . .     Faith    .   (no shield)
rNeg     + . .     Spirit   +   b - +3 storm dragon scales
rPois    .         Reflect  .   (helmet restricted)
rElec    +         Harm     .   F - +0 cloak
rCorr    .         Rampage  .   K - +1 pair of gloves
Will     +....     NoTele   +   (no boots)
Stlth    +.........             D - amulet of guardian spirit
HPRegen  0.36/turn              E - ring "Hopnulud" {rN+ Slay+4}
MPRegen  0.14/turn              o - +3 ring of protection

@: weakened, berserk cooldown, slowed, very slow
A: retaliatory headbutt, horns 2, frail 1
a: Renounce Religion, Berserk, Trog's Hand, Brothers in Arms


You were in the Dungeon.
You worshipped Trog.
Trog was exalted by your worship.
You visited 1 branch You collected 8 gold pieces.

Inventory:

Hand Weapons
 a - a +2 trishula of holy wrath
 s - a +1 broad axe of flaming
 C - a +3 morningstar of holy wrath
 G - a +2 battleaxe of flaming
 H - a +2 broad axe of flaming
 I - the +6 hand axe "Iblenoa" {vorpal, rC+ Will+++ Dex-3 Stlth+}
   (Trog gifted it to you in the Dungeon)

   It inflicts extra damage upon your enemies.
   It affects your dexterity (-3).
   It protects you from cold.
   It affects your willpower, your defense against some magical effects.
   It makes you more stealthy.
 J - a +9 broad axe (weapon)
Missiles
 r - 16 silver javelins (quivered)
 y - 4 curare-tipped darts
Armour
 b - +3 storm dragon scales (worn)
 c - a +2 tower shield
 F - a +0 cloak (worn)
 K - a +1 pair of gloves (worn)
Jewellery
 o - a +3 ring of protection (right hand)
 u - an uncursed ring of protection from cold
 x - an uncursed ring of fire
 D - an amulet of guardian spirit (around neck)
 E - the ring "Hopnulud" (left hand) {rN+ Slay+4}
   (You found it in the Dungeon)

   [ring of slaying]

   It affects your accuracy and damage with ranged weapons and melee attacks
   (+4).
   It protects you from negative energy.
Scrolls
 j - a scroll of blinking
 l - 7 scrolls of remove curse
 m - a scroll of summoning
 n - a scroll of identify
 t - 2 scrolls of fear
 v - 2 scrolls of enchant weapon
 w - a scroll of fog
 A - 2 scrolls of enchant armour
Potions
 d - 2 potions of might
 e - 8 potions of curing
 f - 2 potions of heal wounds
 g - 3 potions of haste
 h - 4 potions of magic
 i - 4 potions of berserk rage
 k - a potion of invisibility
 p - a potion of resistance
 q - a potion of mutation
 z - a potion of flight
Miscellaneous
 B - a box of beasts


   Skills:
 + Level 25.1 Fighting
 + Level 26.4 Axes
 + Level 4.2 Throwing
 + Level 21.4 Armour
 + Level 15.0 Dodging
 - Level 9.1 Stealth
 O Level 27 Shields
 - Level 1.2 Unarmed Combat
 + Level 0.6 Evocations


You had 15 spell levels left.
You didn't know any spells.
Your spell library was empty.

Dungeon Overview and Level Annotations

Branches:
Dungeon (1/1)

Altars:
Ashenzari
Cheibriados
Dithmenos
Elyvilon
Fedhas
Gozag
Hepliaklqana
Kikubaaqudgha
Makhleb
Nemelex Xobeh
Okawaru
Qazlal
Ru
Sif Muna
Trog
Uskayaw
Vehumet
Wu Jian
Xom
Yredelemnul
Zin
The Shining One
Beogh
Jiyva
Lugonu


Innate Abilities, Weirdness & Mutations

You reflexively headbutt those who attack you in melee.
You have a pair of horns on your head.
You are frail. (-10% HP)


Message History

You headbutt Pylerrec, but do no damage.
Pylerrec is almost dead.
You are engulfed in freezing vapours.
* * * LOW HITPOINT WARNING * * *
Pylerrec hits you but does no damage. Pylerrec hits you!!
* * * LOW HITPOINT WARNING * * *
You feel as though you will be weak longer.
Unknown command.
You feel much better. Pylerrec hits you.
* * * LOW HITPOINT WARNING * * *
Pylerrec barely misses you.
Unknown command.
Your iron troll goes berserk!
You are engulfed in freezing vapours.
* * * LOW HITPOINT WARNING * * *
Pylerrec hits you!
* * * LOW HITPOINT WARNING * * *
You feel as though you will be weak longer.
Pylerrec hits you!
You die...

#.# #'# ### #.#
##.###'# #...##)#
##).###[# #+
#+#.#'# #.#
##.###.###.###'#
#.§@○T÷.#...##.#
##+°&##.'#'.###)#
#.###°###.#'# #.#
#'.###.###.###'#
#...'...'...##.##
##.##')##'.##...#
###.###[##''.).#
## #######(## #)#


You could see Pylerrec (clouds) and a friendly iron troll (summoned, berserk).

Vanquished Creatures
  Mara (D)
  An ancient lich (D)
  Mennas (D)
  A royal mummy (D)
  2 pearl dragons (D)
  2 Tzitzimimeh (D)
  2 pandemonium lords (D)
  A hellephant (D)
  2 Hell Sentinels (D)
  A titan (D)
  A deep elf blademaster (D)
  A lich (D)
  A death cob (D)
  An Executioner (D)
  A shadow dragon (D)
  Ilsuiw (D)
  An orc warlord (D)
  2 frost giants (D)
  An iron dragon (D)
  A draconian knight (D)
  Aizul (D)
  A stone giant (D)
  Nessos (D)
  A merfolk javelineer (D)
  An eidolon (D)
  3 vault guards (D)
  3 naga warriors (D)
  3 hydras (D)
  2 two-headed ogres (D)
  A dancing weapon (D)
  2 hell knights (D)
  A shadow wraith (D)
  A deep elf knight (D)
  A soul eater (D)
  A fire crab (D)
  A sun demon (D)
  An unseen horror (D)
  A swamp dragon (D)
  8 orc knights (D)
  A deep elf archer (D)
  A phantasmal warrior (D)
  A wizard (D)
  A deep elf zephyrmancer (D)
  A necromancer (D)
  A deep elf pyromancer (D)
  A manticore (shapeshifter) (D)
  2 manticores (D)
  10 elephants (D)
  2 merfolk sirens (D)
  A black mamba (D)
  2 smoke demons (D)
  2 kobold demonologists (D)
  3 efreet (D)
  A freezing wraith (D)
  A wandering mushroom (D)
  A guardian mummy (D)
  A merfolk (shapeshifter) (D)
  A demonic crawler (D)
  A red devil (D)
  A jumping spider (D)
  3 merfolk (D)
  A slime creature (D)
  2 redbacks (D)
  2 spriggans (D)
  A wraith (D)
  3 shadows (D)
  2 wyverns (D)
  A ynoxinul (D)
  A golden eye (D)
  A chaos spawn (D)
  A small abomination (D)
  2 floating eyes (D)
  A water moccasin (D)
  3 orc warriors (D)
  A black bear (D)
  2 ice beasts (D)
  A centaur (D)
  4 wolves (D)
  2 big kobolds (D)
  5 killer bees (D)
  A quasit (D)
  A jelly (D)
  An orc priest (D)
  A gnoll shaman (D)
  An iguana (D)
  An iron imp (D)
  A worker ant (D)
  A hell rat (D)
  5 gnolls (D)
  2 river rats (D)
  An ufetubus (D)
  2 oozes (D)
  An adder zombie (D)
  2 worms (D)
  6 orcs (D)
  2 ball pythons (D)
  A bat (D)
  A hobgoblin (D)
  4 kobolds (D)
  A frilled lizard (D)
  A goblin (D)
  A quokka simulacrum (D)
172 creatures vanquished.

Vanquished Creatures (collateral kills)
  A Killer Klown (D)
  An orc warlord (D)
  A black draconian (D)
  A deep elf high priest (D)
  A hell beast (D)
  A hydra (D)
  A naga warrior (D)
  7 orc knights (D)
  2 necromancers (D)
  2 elephants (D)
  A rime drake (D)
  A snapping turtle (D)
  A wraith (D)
  An ogre (D)
  A necrophage (D)
  An iron imp (D)
  3 orcs (D)
  A kobold (D)
  A rat (D)
29 creatures vanquished.

Vanquished Creatures (others)
  An unseen horror (D)
  An elephant (D)
2 creatures vanquished.

Grand Total: 203 creatures vanquished

Notes
Turn   | Place    | Note
-------+----------+-------------------------------------------
     0 | D        | mhtbhm the Minotaur Fighter began the quest for the Orb.
     0 | D        | Reached XP level 1. HP: 19/19 MP: 0/0
    17 | D        | Reached skill level 4 in Shields
    21 | D        | Found a bloodstained altar of Trog.
    21 | D        | Found a shimmering blue altar of Sif Muna.
    21 | D        | Found a viscous altar of Jiyva.
    21 | D        | Found a hazy altar of Hepliaklqana.
    21 | D        | Found an opulent altar of Gozag.
    22 | D        | Found a glowing golden altar of the Shining One.
    22 | D        | Found a glowing silver altar of Zin.
    22 | D        | Found a basalt altar of Yredelemnul.
    22 | D        | Found a shimmering altar of Xom.
    22 | D        | Found an ornate altar of the Wu Jian Council.
    22 | D        | Found a sacrificial altar of Ru.
    22 | D        | Found a stormy altar of Qazlal.
    22 | D        | Found an iron altar of Okawaru.
    22 | D        | Found a sparkling altar of Nemelex Xobeh.
    22 | D        | Found a burning altar of Makhleb.
    22 | D        | Found a blossoming altar of Fedhas.
    22 | D        | Found a white marble altar of Elyvilon.
    22 | D        | Found a shadowy altar of Dithmenos.
    22 | D        | Found a snail-covered altar of Cheibriados.
    24 | D        | Found a radiant altar of Vehumet.
    24 | D        | Found a corrupted altar of Lugonu.
    24 | D        | Found a roughly hewn altar of Beogh.
    26 | D        | Became a worshipper of Trog the Wrathful
    69 | D        | Reached XP level 2. HP: 22/28 MP: 1/1
    78 | D        | Reached * piety under Trog
   171 | D        | Reached skill level 5 in Armour
   171 | D        | Reached skill level 5 in Shields
   171 | D        | Reached ** piety under Trog
   174 | D        | Reached skill level 5 in Fighting
   174 | D        | Reached XP level 3. HP: 36/36 MP: 2/2
   179 | D        | Reached skill level 6 in Shields
   281 | D        | Noticed an ice beast
   285 | D        | Killed an ice beast
   286 | D        | Reached skill level 1 in Dodging
   286 | D        | Reached skill level 7 in Shields
   286 | D        | Reached XP level 4. HP: 45/45 MP: 3/3
   286 | D        | Reached XP level 5. HP: 51/51 MP: 4/4
   287 | D        | Reached *** piety under Trog
   341 | D        | Reached **** piety under Trog
   347 | D        | Noticed a centaur
   351 | D        | Killed a centaur
   352 | D        | Reached skill level 8 in Shields
   352 | D        | Reached XP level 6. HP: 32/60 MP: 5/5
   590 | D        | Noticed an orc warrior
   600 | D        | Killed an orc warrior
   601 | D        | Reached skill level 9 in Shields
   621 | D        | Reached ***** piety under Trog
   634 | D        | Noticed a shadow
   634 | D        | Noticed a demonic crawler
   639 | D        | Reached skill level 10 in Axes
   641 | D        | Killed a demonic crawler
   642 | D        | Reached skill level 10 in Shields
   642 | D        | Reached XP level 7. HP: 51/70 MP: 6/6
   645 | D        | Killed a shadow
   850 | D        | Found a hide-covered altar of Uskayaw.
   850 | D        | Found an ancient bone altar of Kikubaaqudgha.
   850 | D        | Found a broken altar of Ashenzari.
   877 | D        | Noticed an efreet
   878 | D        | Noticed a wyvern
   882 | D        | Killed a wyvern
   883 | D        | Reached skill level 11 in Shields
   883 | D        | Reached XP level 8. HP: 78/78 MP: 7/7
   887 | D        | Killed an efreet
   922 | D        | Noticed a kobold demonologist
   922 | D        | Noticed a fire crab
   926 | D        | Noticed a hellwing
   928 | D        | Reached skill level 10 in Fighting
   928 | D        | Reached skill level 10 in Armour
   930 | D        | Killed a fire crab
   930 | D        | Reached ****** piety under Trog
   931 | D        | Reached skill level 1 in Stealth
   931 | D        | Reached skill level 12 in Shields
   931 | D        | Reached XP level 9. HP: 86/86 MP: 8/8
   932 | D        | Received a gift from Trog
   935 | D        | Reached skill level 5 in Dodging
   946 | D        | Killed a kobold demonologist
   986 | D        | Noticed a merfolk
   987 | D        | Noticed a merfolk javelineer
   988 | D        | Noticed a merfolk
   988 | D        | Killed an unseen horror
   989 | D        | Noticed a merfolk
   999 | D        | Killed a merfolk
  1000 | D        | Reached skill level 15 in Axes
  1000 | D        | Reached skill level 13 in Shields
  1001 | D        | Killed a merfolk
  1001 | D        | Received a gift from Trog
  1004 | D        | Killed a merfolk javelineer
  1010 | D        | Killed a merfolk
  1011 | D        | Reached XP level 10. HP: 26/97 MP: 9/9
  1275 | D        | Noticed an elephant
  1275 | D        | Noticed an elephant
  1275 | D        | Noticed an elephant
  1275 | D        | Noticed an elephant
  1276 | D        | Noticed an elephant
  1277 | D        | Noticed an elephant
  1285 | D        | Killed an elephant
  1286 | D        | Killed an elephant
  1287 | D        | Reached skill level 14 in Shields
  1288 | D        | Killed an elephant
  1291 | D        | Killed an elephant
  1295 | D        | Killed an elephant
  1295 | D        | Received a gift from Trog
  1295 | D        | Killed an elephant
  1510 | D        | Noticed a swamp dragon
  1513 | D        | Killed an unseen horror
  1519 | D        | Killed a shadow wraith
  1521 | D        | Killed a swamp dragon
  1638 | D        | Noticed a Tzitzimitl
  1655 | D        | Killed a Tzitzimitl
  1656 | D        | Reached skill level 15 in Shields
  1656 | D        | Reached XP level 11. HP: 77/111 MP: 10/10
  1852 | D        | Received a gift from Trog
  1867 | D        | Noticed a four-headed hydra
  1874 | D        | Killed a six-headed hydra
  1879 | D        | Reached skill level 15 in Fighting
  1883 | D        | Received a gift from Trog
  1884 | D        | Reached skill level 16 in Shields
  1968 | D        | Received a gift from Trog
  2012 | D        | Got a masterwork hand axe {god gift}
  2013 | D        | Identified the +6 hand axe of Firiarghy {flame, *Contam
                  | rN+++ Str+3} (Trog gifted it to you in the Dungeon)
  2022 | D        | Noticed a two-headed ogre
  2029 | D        | Killed a two-headed ogre
  2030 | D        | Noticed Aizul
  2058 | D        | Killed Aizul
  2060 | D        | HP: 8/171 [poisoned by Aizul (poison arrow)]
  2061 | D        | HP: 3/114 [poisoned by Aizul (poison arrow)]
  2421 | D        | Noticed an orc knight
  2428 | D        | Received a gift from Trog
  2435 | D        | Killed an orc knight
  2436 | D        | Reached skill level 17 in Shields
  2436 | D        | Reached XP level 12. HP: 122/122 MP: 11/11
  2569 | D        | Received a gift from Trog
  2731 | D        | Noticed a death cob
  2741 | D        | Killed a death cob
  2742 | D        | Received a gift from Trog
  2756 | D        | Reached skill level 18 in Shields
  2757 | D        | Received a gift from Trog
  3187 | D        | Noticed a frost giant
  3187 | D        | Noticed a four-headed hydra
  3189 | D        | Noticed Ilsuiw
  3190 | D        | Received a gift from Trog
  3194 | D        | Killed a frost giant
  3195 | D        | Reached skill level 15 in Armour
  3198 | D        | Killed a one-headed hydra
  3203 | D        | Received a gift from Trog
  3210 | D        | Killed Ilsuiw
  3211 | D        | Reached skill level 19 in Shields
  3213 | D        | Received a gift from Trog
  3217 | D        | Noticed a two-headed ogre
  3224 | D        | Killed a two-headed ogre
  3233 | D        | Noticed a hell beast
  3245 | D        | Killed a hell beast
  3245 | D        | Received a gift from Trog
  3246 | D        | Reached XP level 13. HP: 33/134 MP: 12/12
  3258 | D        | Reached skill level 10 in Dodging
  3283 | D        | Reached skill level 20 in Shields
  3283 | D        | Received a gift from Trog
  3312 | D        | Received a gift from Trog
  3665 | D        | Paralysed by a floating eye for 3 turns
  3697 | D        | Got the ring "Hopnulud" {rN+ Slay+4}
  3983 | D        | Noticed a green draconian knight
  3992 | D        | Killed a green draconian knight
  3992 | D        | Received a gift from Trog
  4076 | D        | Noticed an ancient lich
  4087 | D        | Killed an ancient lich
  4088 | D        | Reached skill level 21 in Shields
  4171 | D        | Noticed a pearl dragon
  4177 | D        | Killed a pearl dragon
  4178 | D        | Reached skill level 22 in Shields
  4314 | D        | Noticed an orc warlord
  4314 | D        | Noticed an orc warlord
  4314 | D        | Noticed an eidolon
  4318 | D        | Killed an eidolon
  4328 | D        | Received a gift from Trog
  4329 | D        | Killed an orc warlord
  4330 | D        | Reached XP level 14. HP: 148/148 MP: 13/13
  4343 | D        | Killed an orc warlord
  4344 | D        | Reached skill level 5 in Stealth
  4350 | D        | Received a gift from Trog
  4363 | D        | Noticed Nessos
  4376 | D        | Killed Nessos
  4376 | D        | Received a gift from Trog
  4636 | D        | Got a dazzling hand axe {god gift}
  4679 | D        | Found the +8 trident of the Octopus King {venom, rElec
                  | rPois Will+}
  4785 | D        | Noticed a deep elf blademaster
  4790 | D        | Noticed a frost giant
  4796 | D        | Received a gift from Trog
  4797 | D        | Reached skill level 23 in Shields
  4802 | D        | Killed a deep elf blademaster
  4804 | D        | Killed a frost giant
  5028 | D        | Gained mutation: You are frail. (-10% HP) [mutagenic glow]
  5074 | D        | Identified the +6 hand axe "Iblenoa" {vorpal, rC+ Will+++
                  | Dex-3 Stlth+} (Trog gifted it to you in the Dungeon)
  5114 | D        | Noticed a pearl dragon
  5114 | D        | Noticed a stone giant
  5114 | D        | Noticed Adwogimm the pandemonium lord
  5128 | D        | Killed Adwogimm the pandemonium lord
  5133 | D        | Killed a stone giant
  5153 | D        | Killed a pearl dragon
  5153 | D        | Received a gift from Trog
  5154 | D        | Reached skill level 1 in Throwing
  5583 | D        | Noticed a royal mummy
  5591 | D        | Killed a royal mummy
  5592 | D        | Reached skill level 24 in Shields
  5768 | D        | Noticed a shadow dragon
  5773 | D        | Killed a shadow dragon
  5774 | D        | Reached XP level 15. HP: 123/145 MP: 12/14
  5851 | D        | Noticed Zicoumuc the pandemonium lord
  5859 | D        | Killed Zicoumuc the pandemonium lord
  5859 | D        | Received a gift from Trog
  5932 | D        | Noticed a Killer Klown
  6021 | D        | Killed a Killer Klown
  6022 | D        | Reached skill level 25 in Shields
  6022 | D        | Reached skill level 1 in Unarmed Combat
  6324 | D        | Noticed a Hell Sentinel
  6329 | D        | Killed a Hell Sentinel
  6481 | D        | Noticed Mennas
  6534 | D        | Killed Mennas
  6823 | D        | Noticed a Tzitzimitl
  6833 | D        | Killed a Tzitzimitl
  6834 | D        | Reached skill level 26 in Shields
  7055 | D        | Noticed a titan
  7064 | D        | Killed a titan
  7064 | D        | Received a gift from Trog
  7067 | D        | Noticed an iron dragon
  7078 | D        | Killed an iron dragon
  7272 | D        | Noticed a Hell Sentinel
  7280 | D        | Killed a Hell Sentinel
  7405 | D        | Noticed an Executioner
  7409 | D        | Killed an Executioner
  7410 | D        | Reached skill level 27 in Shields
  7453 | D        | Noticed Mara
  7457 | D        | Noticed mhtbhm's illusion
  7474 | D        | Killed Mara
  7648 | D        | Noticed a lich
  7654 | D        | Killed a lich
  7655 | D        | Reached XP level 16. HP: 159/159 MP: 15/15
  7758 | D        | Noticed a hellephant
  7780 | D        | Killed a hellephant
  7781 | D        | Reached skill level 15 in Dodging
  8053 | D        | Noticed Pylerrec the pandemonium lord
  8084 | D        | HP: 1/160 [Pylerrec the pandemonium lord (25)]
  8086 | D        | Mangled by Pylerrec the pandemonium lord

Illustrated notes

Levels and vault maps discovered:
D:        pitsprint [storerooms_1, entrance_room_1, metal_vault_3, armoury_2,
          mini_pit_1, grid_room_1, main_hall_1, silver_pit, the_coven_3,
          the_vestibule_1, steel_vault_2, golden_pit, hallway_of_sentries,
          crystal_vault_2, iron_vault_2, final_vault]

Skill      XL: |  1  2  3  4  5  6  7  8  9 10 11 12 13 14 15 16 |
---------------+-------------------------------------------------+-----
Fighting       | 4 5 6 7 9 10 11 14 16 18 20 22 24 25 | 25.1
Armour         | 4 5 7 8 9 10 11 13 14 15 17 18 21 | 21.4
Shields        | 4 5 7 8 10 11 12 13 15 17 19 22 24 27 | 27.0
Axes           | 3 4 6 8 11 12 14 16 19 20 21 22 24 26 | 26.4
Dodging        | 1 2 3 4 5 6 7 9 11 13 14 15 | 15.0
Stealth        | 1 2 4 9 |  9.1
Throwing       | 1 4 |  4.2
Unarmed Combat | 1 |  1.2
Evocations     | |  0.6

Action                   |  1- 3 |  4- 6 |  7- 9 | 10-12 | 13-15 | 16-18 || total
-------------------------+-------+-------+-------+-------+-------+-------++-------
Melee: War axe           |     7 |       |    41 |    61 |       |       ||   109
       Hand axe          |    23 |    45 |     4 |   129 |   202 |       ||   403
       Headbutt          |     4 |    13 |    10 |    48 |    81 |    11 ||   167
       Broad axe         |       |       |       |    25 |   151 |    45 ||   221
       Unarmed           |       |       |       |       |    12 |       ||    12
       Punch             |       |       |       |       |       |     1 ||     1
Throw: Javelin           |       |       |       |       |     6 |       ||     6
Invok: Berserk           |     2 |     1 |     3 |     8 |    18 |     2 ||    34
       Brothers in Arms  |       |       |       |     2 |    10 |     1 ||    13
       Trog's Hand       |       |       |       |       |     1 |       ||     1
Evoke: Box of beasts     |       |       |       |       |     1 |       ||     1
  Use: Potion            |       |       |     2 |     4 |    13 |     1 ||    20
       Scroll            |       |       |       |     2 |     5 |       ||     7
 Stab: Invisible         |       |       |       |       |    10 |       ||    10
       Distracted        |       |       |       |       |     1 |       ||     1
Armor: Scale mail        |    12 |    16 |     1 |       |       |       ||    29
       Chain mail        |       |       |    21 |    77 |    41 |       ||   139
       Storm dragon scal |       |       |       |       |    60 |    22 ||    82
Dodge: Dodged            |    11 |    11 |    13 |    48 |   113 |    10 ||   206
Block: Kite shield       |    28 |    27 |    26 |   116 |    90 |       ||   287
       Tower shield      |       |       |       |       |   134 |       ||   134

Table legend: (Time is in decaauts)
 A = Elapsed time spent in this place.
 B = Non-inter-level travel time spent in this place.
 C = Inter-level travel time spent in this place.
 D = Time resting spent in this place.
 E = Time spent auto-exploring this place.
 F = Levels seen in this place.
 G = Mean time per level.
                   A        B        C        D        E       F      G
               +--------+--------+--------+--------+--------+-----+--------+
         Total |   8184 |   8184 |      0 |   5651 |    254 |   1 | 8184.0 |
       Dungeon |   8184 |   8184 |      0 |   5651 |    254 |   1 | 8184.0 |
               +--------+--------+--------+--------+--------+-----+--------+

Top non-repeatable levels by time:
       D: 8184 daAuts
